 Dungeon Crawl Stone Soup version 0.28.0-62-gf88900778d (webtiles) character file.

Game seed: 1767555147892084893

31899 Ijustatesigmund the Eclecticist (level 13, -2/73 HPs)
             Began as a Deep Elf Conjurer on Feb 27, 2023.
             Was an Elder of Vehumet.
             Shot with an arrow by a centaur warrior (27 damage)
             ... on level 13 of the Dungeon.
             The game lasted 00:59:33 (19366 turns).

Ijustatesigmund the Eclecticist (DECj)             Turns: 19366, Time: 00:59:33

Health: -2/73      AC: 14    Str: 13    XL:     13   Next: 28%
Magic:  34/35      EV: 15    Int: 34    God:    Vehumet [****..]
Gold:   666        SH:  0    Dex: 13    Spells: 5/44 levels left

rFire   + . .      SeeInvis .   p - staff of conjuration
rCold   . . .      Faith    .   (no shield)
rNeg    + + .      Spirit   .   a - +2 robe "Zeeppit" {rF+ rN++ Str+4}
rPois   +          Reflect  .   T - +1 helmet of Xeh Ytyt {Contam rElec rPois Str+5}
rElec   +          Harm     .   x - +0 cloak
rCorr   .          Rampage  .   j - +1 pair of gloves of Jigsaw {Regen+ Int+5}
Will    +....                   L - +0 pair of boots
Stlth   ++........              r - amulet of regeneration
HPRegen 1.82/turn               d - ring of wizardry
MPRegen 0.24/turn               h - +4 ring of protection

@: no status effects
A: no striking features
a: Renounce Religion


You were on level 13 of the Dungeon.
You worshipped Vehumet.
Vehumet was greatly pleased with you.
You visited 2 branches of the dungeon, and saw 14 of its levels.
You also visited: Gauntlet.

You collected 741 gold pieces.
You spent 75 gold pieces at shops.

Inventory:

Hand Weapons
 c - a +4 dagger of speed
 f - a +4 quarterstaff
 q - a +0 hunting sling
 F - a +0 hand crossbow
Missiles
 A - 7 throwing nets
 G - 82 bolts
Armour
 a - the +2 robe "Zeeppit" (worn) {rF+ rN++ Str+4}
   (You took it off a hobgoblin on level 2 of the Dungeon)

   Str:       It affects your strength (+4).
   rF:        It protects you from fire.
   rN:        It greatly protects you from negative energy.
 i - a scarf of invisibility
 j - the +1 pair of gloves of Jigsaw (worn) {Regen+ Int+5}
   (You acquired it on level 6 of the Dungeon)

   Int:       It affects your intelligence (+5).
   Regen:     It increases your rate of health regeneration.
 x - a +0 cloak (worn)
 L - a +0 pair of boots (worn)
 Q - a +2 robe of cold resistance
 T - the +1 helmet of Xeh Ytyt (worn) {Contam rElec rPois Str+5}
   (You found it in a Gauntlet)

   Str:       It affects your strength (+5).
   rElec:     It insulates you from electricity.
   rPois:     It protects you from poison.
   Contam:    It causes magical contamination when unequipped.
 V - a +0 buckler
Magical Staves
 p - a staff of conjuration (weapon)
Jewellery
 b - a ring of willpower
 d - a ring of wizardry (left hand)
 h - a +4 ring of protection (right hand)
 r - an amulet of regeneration (around neck)
 s - an amulet of magic regeneration
 v - a ring of magical power
 C - a +4 ring of evasion
 H - a ring of magical power
 O - a ring of wizardry
 P - a ring of ice
 U - a ring of see invisible
 W - the amulet "Ygoyx" {Regen+ Dex+2}
   (You found it in a Gauntlet)

   [amulet of regeneration]

   Dex:       It affects your dexterity (+2).
   Regen:     It increases your rate of health regeneration.
Wands
 u - a wand of iceblast (14)
 y - a wand of flame (19)
 D - a wand of acid (7)
 J - a wand of paralysis (8)
 N - a wand of digging (7)
Scrolls
 t - 2 scrolls of teleportation
 B - a scroll of brand weapon
 I - a scroll of holy word
 K - 2 scrolls of identify
 S - a scroll of magic mapping
 Y - a scroll of amnesia
Potions
 e - 3 potions of attraction
 g - 3 potions of brilliance
 k - 3 potions of mutation
 l - 2 potions of flight
 n - 7 potions of curing
 o - 4 potions of lignification
 w - 4 potions of haste
 z - 2 potions of might
 E - a potion of heal wounds
Miscellaneous
 M - a lightning rod (4/4)
 X - a box of beasts


   Skills:
 - Level 5.6 Fighting
 - Level 3.0 Staves
 - Level 7.2 Dodging
 - Level 2.4 Stealth
 + Level 16.4 Spellcasting
 + Level 12.3 Conjurations
 - Level 7.3 Necromancy
 - Level 5.3 Translocations
 - Level 8.6 Fire Magic
 - Level 3.5 Ice Magic
 + Level 3.3 Earth Magic
 - Level 5.0 Evocations


You had 5 spell levels left.
You knew the following spells:

 Your Spells              Type           Power      Damage    Failure   Level
a - Magic Dart            Conj           100%       1d8       0%          1
b - Searing Ray           Conj           100%       2d8       0%          2
c - Iskenderun's Mystic   Conj/Tloc      93%        2d18      1%          4
d - Fireball              Conj/Fire      49%        3d19      1%          5
e - Starburst             Conj/Fire      49%        6d14      1%          6
f - Sandblast             Erth           100%       2d20      1%          1
g - Dispel Undead         Necr           67%        3d23      1%          4
h - Frozen Ramparts       Ice            100%       1d12      1%          3
i - Ignition              Fire           36%        3d11      26%         8
j - Lee's Rapid Deconstr  Erth           25%        3d15*     1%          5

Your spell library contained the following spells:

 Spells                   Type           Power      Damage    Failure   Level
 Apportation              Tloc           100%       N/A       1%          1
 Sting                    Tmut/Pois      100%       1d8       1%          1
 Corpse Rot               Necr/Air       100%       N/A       1%          2
 Ensorcelled Hibernation  Hex/Ice        80%        N/A       1%          2
 Poisonous Vapours        Pois/Air       54%        N/A       1%          2
 Dazzling Flash           Conj/Hex       100%       N/A       1%          3
 Gell's Gravitas          Tloc           59%        N/A       1%          3
 Ignite Poison            Fire/Tmut/Pois 47%        N/A       1%          3
 Lesser Beckoning         Tloc           59%        N/A       1%          3
 Mephitic Cloud           Conj/Pois/Air  71%        N/A       1%          3
 Spider Form              Tmut/Pois      27%        N/A       1%          3
 Teleport Other           Tloc           59%        N/A       1%          3
 Anguish                  Hex/Necr       26%        N/A       1%          4
 Fulminant Prism          Conj/Hex       40%        3d20      1%          4
 Olgreb's Toxic Radiance  Pois           27%        N/A       1%          4
 Freezing Cloud           Conj/Ice/Air   38%        6-21      1%          5
 Alistair's Intoxication  Tmut/Pois      18%        N/A       16%         5
 Death Channel            Necr           33%        N/A       4%          6


Dungeon Overview and Level Annotations

Branches:
Dungeon (13/15)            Temple (1/1) D:6            Lair (0/6) D:9
    Orc (0/2) D:12         Vaults (0/5) D:13        Gauntlet (visited)

Altars:
Ashenzari
Cheibriados
Dithmenos
Elyvilon
Fedhas
Gozag
Hepliaklqana
Kikubaaqudgha
Makhleb
Nemelex Xobeh
Okawaru
Qazlal
Ru
Sif Muna
Trog
Uskayaw
Vehumet
Wu Jian
Xom
Yredelemnul
Zin
The Shining One

Shops:
D:7 :   D:9 *

Annotations:
D:10 1 runed translucent door, Wanderer2's ghost, novice OpWz


Message History

Okay, then.
You feel yourself speed up.
A komodo dragon comes into view.
The komodo dragon hisses angrily.
Casting: Dispel Undead (safe; 1% risk of failure)
Confirm with . or Enter, or press ? or * to list all spells.
You feel a surge of power!
You erupt in a blast of force!
The mystic blast hits the komodo dragon!
The komodo dragon is moderately wounded.
The komodo dragon is knocked back by the mystic blast.
The centaur warrior shoots an arrow.
The arrow hits you!
* * * LOW HITPOINT WARNING * * *
As you read the scroll of fog, it crumbles to dust.
The scroll dissolves into smoke.
Casting: Iskenderun's Mystic Blast (safe; 1% risk of failure)
Confirm with . or Enter, or press ? or * to list all spells.
You feel a surge of power!
You erupt in a blast of force!
The mystic blast hits the komodo dragon!
The komodo dragon is heavily wounded.
The komodo dragon is knocked back by the mystic blast.
You feel much better.
The komodo dragon completely misses you.
There is a stone staircase leading up here.
The centaur warrior shoots an arrow.
The arrow hits you!
You climb upwards.
There is a stone staircase leading down here.
You start resting.
Your extra speed is starting to run out.
You start resting.
You feel yourself slow down.
You start resting.
HP restored.
You climb downwards.
The centaur warrior shoots an arrow.
The arrow hits you!! The komodo dragon bites you!
The centaur warrior shoots an arrow.
The arrow hits you but does no damage.
There is a stone staircase leading up, spattered with blood here.
The centaur warrior shoots an arrow.
The arrow hits you!! The komodo dragon closely misses you.
The centaur warrior shoots an arrow.
The arrow hits you!!
You die...

***,,,,**,,,,,,,,,*
,,,,*,***....<....*
,,,,,,,,.........##
,***,,*#..........#
**##.**..>........#
#..#>,#......)..#
**#..#,*#.........#
,,,?..,*#.........#
,**#.##*#..)....@l# **
#..# #.........####### #
##..###...............##
###.c.............#####..#
##.§........c............#
§§§....######.##########.#
§§§§....#####.#........#.#
§§§#..........#..#####.#.#
##.#..........#..#(?.#.#.#


You could see a centaur warrior and a komodo dragon.

Vanquished Creatures
  A minotaur (Gauntlet)
  An ettin (D:13)
  Fannar (D:12)
  A hydra (D:12)
  2 boulder beetles (D:12)
  A centaur warrior (D:12)
  Harold (D:9)
  6 two-headed ogres
  3 skeletal warriors (D:11)
  A lindwurm (D:13)
  An ugly thing (D:12)
  3 cyclopes
  2 moths of wrath (Gauntlet)
  A manticore (D:10)
  Maurice (D:10)
  Joseph (D:7)
  2 gargoyles
  An unseen horror (D:10)
  A komodo dragon (D:12)
  2 minotaur zombies (Gauntlet)
  A freezing wraith (D:13)
  A wind drake (shapeshifter) (D:13)
  3 trolls
  Grinder (D:3)
  7 slime creatures (D:12)
  Prince Ribbit (D:9)
  A meliai zombie (D:10)
  A vampire (D:12)
  3 shadows (D:12)
  4 wyverns
  Grum (D:8)
  3 centaur simulacra (Gauntlet)
  31 yaks
  4 redbacks (Gauntlet)
  5 vampire mosquitoes
  2 water moccasins (D:9)
  8 acid dragons
  2 orc warriors
  A sky beast (D:7)
  2 black bears
  2 necrophages
  An ice beast (D:8)
  6 wolves
  2 centaurs
  A phantom (D:5)
  2 scorpions
  3 bullfrogs
  A gnoll sergeant (D:4)
  2 kobold brigands (D:9)
  A water moccasin zombie (D:6)
  A hornet simulacrum (Gauntlet)
  4 killer bees (D:8)
  2 troll zombies (D:12)
  13 wights
  14 howler monkeys
  3 centaur zombies
  A bullfrog zombie (D:6)
  3 orc priests
  A jelly (D:6)
  Crazy Yiuf (D:6)
  A centaur skeleton (D:7)
  3 gnoll shamans
  A hound (D:6)
  2 bullfrog skeletons
  Jessica (D:3)
  5 iguanas
  7 orc wizards
  6 ogre zombies (D:12)
  A hound skeleton (D:4)
  A howler monkey zombie (D:7)
  A howler monkey skeleton (D:7)
  21 gnolls
  10 adders
  A shadow imp (D:7)
  A white imp (D:7)
  4 worms
  A dart slug (D:3)
  19 orcs
  4 endoplasms
  5 giant cockroaches
  11 goblins
  11 hobgoblins
  7 jackals
  15 kobolds
  6 quokkas
  6 ball pythons
  4 bats
  4 frilled lizards
  A goblin skeleton (D:12)
  5 goblin zombies (D:12)
  2 hobgoblin skeletons (D:12)
  2 hobgoblin zombies (D:12)
  An orc skeleton (D:12)
  10 orc zombies (D:12)
  3 rats
362 creatures vanquished.

Vanquished Creatures (others)
  A shadow (D:12)
  An orc wizard (D:5)
  2 demonic plants (D:2)
  3 fungi (D:9)
  24 plants
  4 withered plants (Gauntlet)
35 creatures vanquished.

Grand Total: 397 creatures vanquished

Notes
Turn   | Place    | Note
-------+----------+-------------------------------------------
     0 | D:1      | Ijustatesigmund the Deep Elf Conjurer began the quest for
                  | the Orb.
     0 | D:1      | Reached XP level 1. HP: 10/10 MP: 6/6
   361 | D:1      | Reached XP level 2. HP: 15/15 MP: 3/8
   562 | D:1      | Learned a level 2 spell: Searing Ray
   793 | D:1      | Reached skill level 4 in Spellcasting
   848 | D:1      | Reached XP level 3. HP: 19/19 MP: 4/10
   849 | D:1      | Reached skill level 5 in Conjurations
  1893 | D:2      | Identified the +2 robe "Zeeppit" {rF+ rN++ Str+4}
  2221 | D:2      | Reached XP level 4. HP: 24/24 MP: 8/12
  2226 | D:2      | Learned a level 4 spell: Iskenderun's Mystic Blast
  2573 | D:2      | Found a faded altar of an unknown god.
  2766 | D:3      | Noticed Jessica
  2768 | D:3      | Killed Jessica
  2769 | D:3      | Reached skill level 5 in Spellcasting
  2769 | D:3      | Reached skill level 1 in Translocations
  2836 | D:3      | Reached XP level 5. HP: 28/28 MP: 6/14
  3110 | D:3      | Identified a scroll of acquirement
  3110 | D:3      | Acquired a staff of conjuration
  3215 | D:3      | Noticed Grinder
  3225 | D:3      | Paralysed by Grinder for 5 turns
  3234 | D:3      | Killed Grinder
  3235 | D:3      | Reached XP level 6. HP: 32/35 MP: 6/15
  3542 | D:4      | Found a white marble altar of Elyvilon.
  3709 | D:4      | Reached XP level 7. HP: 41/41 MP: 10/16
  4308 | D:5      | Entered Level 5 of the Dungeon
  4377 | D:5      | Reached skill level 5 in Translocations
  4527 | D:5      | Learned a level 5 spell: Fireball
  4859 | D:5      | Reached skill level 1 in Fire Magic
  5121 | D:5      | You fall into a shaft and drop 2 floors!
  5294 | D:6      | Found an ancient bone altar of Kikubaaqudgha.
  5507 | D:5      | Reached skill level 1 in Evocations
  5655 | D:5      | Reached XP level 8. HP: 35/46 MP: 5/18
  6181 | D:6      | Acquired the +1 pair of gloves of Jigsaw {Regen+ Int+5}
  6863 | D:6      | Found a staircase to the Ecumenical Temple.
  6869 | Temple   | Entered the Ecumenical Temple
  7112 | Temple   | Became a worshipper of Vehumet
  7187 | D:6      | Reached skill level 6 in Spellcasting
  7443 | D:6      | Found a runed translucent door.
  7444 | D:6      | Noticed Crazy Yiuf
  7446 | D:6      | Identified the +5 mace "Xejal" {vorpal, rPois Will- rCorr
                  | Str+4}
  7450 | D:6      | Killed Crazy Yiuf
  7674 | D:7      | Noticed Joseph
  7679 | D:7      | Killed Joseph
  7680 | D:7      | Reached skill level 7 in Spellcasting
  7827 | D:7      | Reached XP level 9. HP: 51/51 MP: 9/21
  8058 | D:7      | Reached skill level 5 in Fire Magic
  8413 | D:7      | Found Hadwibaor's Self-Improvement Boutique.
  8900 | D:8      | Reached * piety under Vehumet
  8900 | D:8      | Offered knowledge of Foxfire by Vehumet.
  8965 | D:8      | Reached skill level 8 in Spellcasting
  9140 | D:8      | Noticed Grum
  9153 | D:8      | Killed Grum
  9280 | D:8      | Learned a level 6 spell: Starburst
  9679 | D:8      | Reached skill level 9 in Spellcasting
  9994 | D:8      | Noticed a cyclops
 10005 | D:8      | Killed a cyclops
 10006 | D:8      | Reached XP level 10. HP: 50/56 MP: 13/25
 10790 | D:9      | Noticed a two-headed ogre
 10960 | D:9      | Killed a two-headed ogre
 11140 | D:9      | Reached skill level 10 in Spellcasting
 11145 | D:9      | Noticed Prince Ribbit
 11369 | D:9      | Killed Prince Ribbit
 11370 | D:9      | Reached skill level 5 in Fighting
 11950 | D:9      | Offered knowledge of Sandblast by Vehumet.
 11950 | D:9      | Reached ** piety under Vehumet
 11951 | D:9      | Reached skill level 11 in Spellcasting
 11951 | D:9      | Reached skill level 10 in Conjurations
 11951 | D:9      | Reached XP level 11. HP: 43/64 MP: 18/28
 12018 | D:9      | Learned a level 1 spell: Sandblast
 12105 | D:9      | Learned a level 4 spell: Dispel Undead
 12105 | D:9      | Found a staircase to the Lair.
 12244 | D:9      | Found Mallywke's General Store.
 12251 | D:9      | Bought a potion of heal wounds for 75 gold pieces
 12790 | D:9      | Reached skill level 1 in Necromancy
 12955 | D:9      | Noticed Harold
 12964 | D:9      | Killed Harold
 13418 | D:9      | Reached skill level 12 in Spellcasting
 13650 | D:9      | Found a glowing golden altar of the Shining One.
 13896 | D:10     | Entered Level 10 of the Dungeon
 13896 | D:10     | Noticed a two-headed ogre
 13905 | D:10     | Killed a two-headed ogre
 14062 | D:10     | Reached skill level 5 in Necromancy
 14475 | D:10     | Reached skill level 13 in Spellcasting
 14546 | D:10     | Found a runed translucent door.
 14558 | D:10     | Noticed Maurice
 14561 | D:10     | Killed Maurice
 14671 | D:10     | Found a shimmering altar of Xom.
 14671 | D:10     | Noticed Wanderer2's ghost (novice OpWz)
 14672 | D:10     | Noticed a +0 halberd of chaos
 14720 | D:10     | Offered knowledge of Frozen Ramparts by Vehumet.
 14966 | D:10     | Learned a level 3 spell: Frozen Ramparts
 15024 | D:10     | Found an iron altar of Okawaru.
 15321 | D:11     | Reached skill level 1 in Ice Magic
 15498 | D:11     | Noticed a skeletal warrior
 15519 | D:11     | Killed a skeletal warrior
 15612 | D:11     | Noticed a skeletal warrior
 15621 | D:11     | Noticed a skeletal warrior
 15623 | D:11     | Killed a skeletal warrior
 15624 | D:11     | Reached skill level 14 in Spellcasting
 15624 | D:11     | Reached XP level 12. HP: 68/68 MP: 17/32
 15805 | D:11     | Reached *** piety under Vehumet
 15806 | D:11     | Reached skill level 5 in Dodging
 16060 | D:11     | Noticed a two-headed ogre
 16065 | D:11     | Killed a two-headed ogre
 16306 | D:12     | Noticed a two-headed ogre
 16312 | D:12     | Killed a two-headed ogre
 16456 | D:12     | Noticed a boulder beetle
 16464 | D:12     | Killed a boulder beetle
 16667 | D:12     | Noticed a two-headed ogre
 16676 | D:12     | Killed a two-headed ogre
 16683 | D:12     | Offered knowledge of Hailstorm by Vehumet.
 16895 | D:12     | Reached skill level 15 in Spellcasting
 16998 | D:12     | Noticed a five-headed hydra
 17005 | D:12     | Killed a five-headed hydra
 17022 | D:12     | Noticed a two-headed ogre
 17027 | D:12     | Killed a two-headed ogre
 17034 | D:12     | Noticed a boulder beetle
 17132 | D:12     | Killed a boulder beetle
 17380 | D:12     | Identified the +9 dagger "Embalmer" {distort, Fragile rElec
                  | rCorr Int-4}
 17701 | D:12     | Noticed Fannar
 17710 | D:12     | Killed Fannar
 17711 | D:12     | Reached skill level 5 in Evocations
 17900 | D:12     | Noticed a centaur warrior
 17907 | D:12     | Killed a centaur warrior
 17968 | D:12     | Reached **** piety under Vehumet
 18133 | D:12     | Learned a level 8 spell: Ignition
 18162 | D:12     | Reached skill level 1 in Staves
 18190 | D:12     | Offered knowledge of Lee's Rapid Deconstruction by Vehumet.
 18197 | D:12     | Learned a level 5 spell: Lee's Rapid Deconstruction
 18432 | D:12     | Found a staircase to the Orcish Mines.
 18595 | D:13     | Reached skill level 16 in Spellcasting
 18595 | D:13     | Reached skill level 1 in Earth Magic
 18595 | D:13     | Reached XP level 13. HP: 73/73 MP: 16/35
 18604 | D:13     | Noticed an ettin
 18607 | D:13     | Killed an ettin
 18682 | D:13     | Found a gate to the Vaults.
 18732 | D:13     | Found a gate leading to a gauntlet.
 18741 | Gauntlet | Entered a Gauntlet
 18741 | Gauntlet | Found a transporter.
 18899 | Gauntlet | Found a transporter.
 18903 | Gauntlet | Found a runed translucent door.
 18911 | Gauntlet | Found a transporter.
 18913 | Gauntlet | Found a runed translucent door.
 18931 | Gauntlet | Found a transporter.
 18960 | Gauntlet | Found a transporter.
 18960 | Gauntlet | Found a transporter.
 18960 | Gauntlet | Found a transporter.
 19047 | Gauntlet | Found a transporter.
 19049 | Gauntlet | Found a transporter.
 19049 | Gauntlet | Found a transporter.
 19051 | Gauntlet | Identified the +1 helmet of Xeh Ytyt {Contam rElec rPois
                  | Str+5}
 19097 | Gauntlet | Noticed a minotaur
 19105 | Gauntlet | Killed a minotaur
 19217 | Gauntlet | Identified the amulet "Ygoyx" {Regen+ Dex+2}
 19307 | D:13     | HP: 1/73 [centaur warrior/arrow (18)]
 19366 | D:13     | Shot with an arrow by a centaur warrior

Illustrated notes

Levels and vault maps discovered:
D:1:      lightli_arrival_boilingwater, layout_basic
D:2:      layout_basic, dreamdust_ecumenical_altar_sealed_demon
D:3:      layout_basic, uniq_grinder, uniq_jessica
D:4:      layout_layer_cave, elyvilon_altar_5
D:5:      layout_loops_ring, nicolae_figureground_sparkle
D:6:      layout_basic, general_overflow_altar, minmay_temple_entry_hall,
          serial_rivers, chequers_serial_rivers_room_a,
          chequers_serial_rivers_room_a, chequers_serial_rivers_micro_a,
          chequers_serial_rivers_large_b, chequers_serial_rivers_marsh,
          chequers_serial_rivers_micro_d, minmay_misc_feat_roman,
          uniq_crazy_yiuf_cottage
D:7:      layout_basic, nicolae_shop_self_help, uniq_joseph
D:8:      layout_basic, uniq_grum
D:9:      layout_basic, mainiacjoe_overflow_six_doors_small,
          minmay_lair_entry_grove, serial_shops, shop, serial_co_window_serial,
          co_window_paths_b, co_window_paths_b, co_window_paths_a,
          co_window_paths_b, co_window_corner_a, co_window_paths_b,
          co_window_paths_a, co_window_broadway_b, co_window_paths_c,
          co_window_broadway_b, co_window_unsneaky_path_b, co_window_corner_b,
          co_window_paths_e, glass_columns_a, uniq_prince_ribbit1, uniq_harold
D:10:     layout_rooms, mainiacjoe_overflow_surrounded_room, ebering_ghost_xom,
          uniq_maurice
D:11:     layout_rooms
D:12:     minmay_box_of_statues, layout_loops_cross, zombieorc2_lemuel,
          uniq_fannar
D:13:     layout_rooms, david_vaults_4, gauntlet_entry_generic, uniq_josephine
Temple:   regret_index_temple_mists

Skill      XL: |  1  2  3  4  5  6  7  8  9 10 11 12 13 |
---------------+----------------------------------------+-----
Spellcasting   | 4 5 7 9 11 14 16 | 16.4
Conjurations   | 5 6 8 10 11 12 | 12.3
Translocations | 1 3 4 5 |  5.3
Fighting       | 2 3 4 5 |  5.6
Fire Magic     | 2 4 6 8 |  8.6
Dodging        | 3 4 7 |  7.2
Evocations     | 1 3 5 |  5.0
Necromancy     | 7 |  7.3
Ice Magic      | 3 |  3.5
Staves         | 1 3 |  3.0
Earth Magic    | 1 3 |  3.3
Stealth        | |  2.4

Action                   |  1- 3 |  4- 6 |  7- 9 | 10-12 | 13-15 || total
-------------------------+-------+-------+-------+-------+-------++-------
Melee: Unarmed           |     2 |       |       |       |       ||     2
       Trident           |     7 |       |       |       |       ||     7
       Dagger            |    33 |     1 |       |       |       ||    34
       Punch             |     1 |       |       |     1 |       ||     2
       Staff             |       |     7 |    14 |    19 |       ||    40
 Cast: Magic Dart        |    51 |    70 |   201 |   175 |       ||   497
       Searing Ray       |     2 |     4 |    22 |    36 |     1 ||    65
       Iskenderun's Myst |       |     4 |    30 |    76 |    18 ||   128
       Fireball          |       |       |     6 |    45 |     4 ||    55
       Starburst         |       |       |       |    18 |     6 ||    24
       Dispel Undead     |       |       |       |    21 |     6 ||    27
       Frozen Ramparts   |       |       |       |    11 |     3 ||    14
       Lee's Rapid Decon |       |       |       |       |     1 ||     1
Evoke: Wand              |       |       |       |     4 |       ||     4
  Use: Scroll            |     5 |     3 |     8 |     4 |     3 ||    23
       Potion            |       |     4 |       |       |     2 ||     6
 Stab: Sleeping          |     3 |       |       |       |       ||     3
Armor: Robe              |    10 |     2 |    37 |    43 |    12 ||   104
       Skin              |       |    36 |       |       |       ||    36
Dodge: Dodged            |    14 |    10 |    60 |    93 |    15 ||   192
